 Dungeon Crawl Stone Soup version 0.23.2-1-ga50397a (webtiles) character file.

Game seed: 9555229635610607205

192 myga the Caller (level 6, 0/32 HPs)
             Began as a Kobold Summoner on May 13, 2019.
             Succumbed to Dowan's poison
             ... on level 4 of the Dungeon.
             The game lasted 00:15:54 (2648 turns).

myga the Caller (Kobold Summoner)                   Turns: 2648, Time: 00:15:55

Health: 0/32       AC:  2    Str:  7    XL:     6   Next: 2%
Magic:  2/11       EV: 16    Int: 16    God:
Gold:   213        SH:  0    Dex: 16    Spells: 3/12 levels left

rFire    . . .     SeeInvis .   k - +0 dagger
rCold    . . .     Gourm    .   (shield restricted)
rNeg     . . .     Faith    .   o - +0 robe (curse)
rPois    .         Spirit   .   (no helmet)
rElec    .         Reflect  .   (no cloak)
rCorr    +         Harm     .   (no gloves)
MR       .....                  (no boots)
Stlth    ++........             g - amulet of regeneration
HPRegen  0.50/turn              h - ring of resist corrosion
MPRegen  0.12/turn              (no ring)

@: lethally poisoned (0 -> -12)
A: small, carnivore
a: no special abilities


You were on level 4 of the Dungeon.
You were very full.

You visited 1 branch of the dungeon, and saw 4 of its levels.

You collected 213 gold pieces.

Inventory:

Hand Weapons
 e - a +0 short sword
 k - a +0 dagger (weapon)
Missiles
 d - 172 stones (quivered)
Armour
 a - a +0 robe
 o - a cursed +0 robe (worn)
Jewellery
 g - an amulet of regeneration (around neck)
 h - a ring of resist corrosion (left hand)
Scrolls
 i - a scroll of noise {unknown}
 j - a scroll of remove curse {unknown}
 l - a scroll of magic mapping {unknown}
Potions
 b - 2 potions of brilliance
Comestibles
 c - 4 rations
 f - a chunk of flesh


   Skills:
 + Level 0.2 Fighting
 + Level 2.5 Short Blades
 + Level 0.1 Throwing
 + Level 2.8 Dodging
 + Level 3.0 Stealth
 + Level 3.8 Spellcasting
 + Level 5.2 Summonings


You had 3 spell levels left.
You knew the following spells:

 Your Spells              Type           Power        Failure   Level  Hunger
a - Summon Small Mammal   Summ           ###.         1%          1    None
b - Call Imp              Summ           ###.....     3%          2    ##.....
c - Call Canine Familiar  Summ           ###.....     6%          3    ###....
d - Summon Guardian Gole  Hex/Summ       ##......     19%         3    ###....

Your spell library contained the following spells:

 Spells                   Type           Power        Failure   Level  Hunger
 Summon Ice Beast         Ice/Summ       ##......     52%         4    ####...
 Summon Lightning Spire   Summ/Air       ##......     52%         4    ####...


Dungeon Overview and Level Annotations

Branches:
Dungeon (4/15)
 Temple: D:4-7

Altars:

Annotations:
D:4 Duvessa


Innate Abilities, Weirdness & Mutations

You are small and have problems with some larger weapons.
You are carnivorous and can eat meat at any time.


Message History

Your hound bites Duvessa but does no damage.
Duvessa hits your hound with a +0 short sword!
Your shadow imp gestures at Duvessa.
Duvessa writhes in agony!
Your white imp gestures at Duvessa.
The puff of frost hits Duvessa but does no damage.
Your hound bites Duvessa but does no damage.
Duvessa hits your shadow imp with a +0 short sword!
Your guardian golem explodes!
The fiery explosion engulfs the worker ant!
The worker ant is engulfed in blazing flames.
The worker ant dies!
You have reached level 6!
Your experience leads to an increase in your attributes!
Increase (S)trength, (I)ntelligence, or (D)exterity?
You feel stronger.
You hear a bark!
You hear a shout!
You hear a bark!
Okay, then.
Okay, then.
You die...

################
#..............#
##..............#
..........)....[.+
....^............#
................+
#..$...e.......#
#....55h.......#
###.........@....#
.$.....§§§?......#
..(....§§§.......#
.......§§§....!..#
.................#
.................#
.................#
....#!...........#
....#...........


You could see Duvessa (berserk), a friendly hound, a friendly white imp and a
friendly shadow imp.

Vanquished Creatures
  A scorpion (D:3)
  2 adders (D:3)
  A leopard gecko (D:2)
  A bat (D:1)
  A giant cockroach (D:3)
  5 goblins
  3 hobgoblins (D:3)
  2 jackals (D:3)
  A quokka (D:3)
  A frilled lizard (D:2)
  7 kobolds
  A rat (D:1)
26 creatures vanquished.

Vanquished Creatures (collateral kills)
  Dowan (D:4)
  A worker ant (D:3)
  5 adders
  An ooze (D:3)
  2 worms
  2 dart slugs
  2 leopard geckos
  An orc (D:3)
  A ball python (D:3)
  6 bats
  8 goblins
  8 hobgoblins
  6 jackals
  4 frilled lizards
  2 kobolds
  5 rats
55 creatures vanquished.

Vanquished Creatures (others)
  A worker ant (D:4)
  4 toadstools (D:1)
5 creatures vanquished.

Grand Total: 86 creatures vanquished

Notes
Turn   | Place    | Note
-------+----------+-------------------------------------------
     0 | D:1      | myga the Kobold Summoner began the quest for the Orb.
     0 | D:1      | Reached XP level 1. HP: 10/10 MP: 3/3
   236 | D:1      | Reached XP level 2. HP: 15/15 MP: 0/5
   312 | D:1      | Learned a level 2 spell: Call Imp
  1084 | D:2      | Reached XP level 3. HP: 19/19 MP: 4/6
  1352 | D:2      | Learned a level 3 spell: Call Canine Familiar
  1554 | D:2      | Reached skill level 1 in Short Blades
  1612 | D:2      | Found a faded altar of an unknown god.
  1687 | D:2      | Reached XP level 4. HP: 24/24 MP: 8/8
  1762 | D:2      | Learned a level 3 spell: Summon Guardian Golem
  1951 | D:3      | Reached XP level 5. HP: 28/28 MP: 1/10
  2147 | D:3      | Reached skill level 5 in Summonings
  2627 | D:4      | Noticed Duvessa
  2627 | D:4      | Noticed Dowan
  2639 | D:4      | HP: 1/28 [Dowan/+2 dagger of venom (4)]
  2643 | D:4      | Killed Dowan
  2647 | D:4      | HP: 1/28 [poisoned by Dowan]
  2647 | D:4      | Reached XP level 6. HP: 1/32 MP: 2/11
  2648 | D:4      | Succumbed to Dowan's poison

Skill      XL: |  1  2  3  4  5 |
---------------+----------------+-----
Spellcasting   | 3 |  3.8
Short Blades   | 1 2 |  2.5
Summonings     | 5 |  5.2
Stealth        | 3 |  3.0
Fighting       | |  0.2
Throwing       | |  0.1
Dodging        | |  2.8

Action                   |  1- 3 |  4- 6 || total
-------------------------+-------+-------++-------
Melee: Unarmed           |    14 |       ||    14
       Short sword       |    34 |       ||    34
       Dagger            |    32 |    83 ||   115
Throw: Stone             |     8 |     3 ||    11
 Cast: Summon Small Mamm |    19 |     1 ||    20
       Call Imp          |    11 |    14 ||    25
       Call Canine Famil |     2 |    11 ||    13
       Summon Guardian G |       |     2 ||     2
  Use: Potion            |     1 |     4 ||     5
       Scroll            |       |     5 ||     5
 Stab: Sleeping          |     4 |     3 ||     7
  Eat: Chunk             |    12 |     4 ||    16
Armor: Robe              |    22 |     9 ||    31
Dodge: Dodged            |    72 |    85 ||   157
